 Dungeon Crawl Stone Soup version 0.18.1-1-g2f07953 (webtiles) character file.

24314 varam the Cruncher (level 13, -7/88 HPs)
             Began as a Gargoyle Gladiator on May 6, 2016.
             Was a High Priest of Okawaru.
             Killed from afar by Frances (11 damage)
             ... with a shard of ice
             ... on level 12 of the Dungeon.
             The game lasted 01:00:02 (14715 turns).

varam the Cruncher (Gargoyle Gladiator)            Turns: 14715, Time: 01:00:03

Health: -7/88      AC: 39    Str: 24    XL:     13   Next: 12%
Magic:  8/14       EV:  6    Int: 11    God:    Okawaru [*****.]
Gold:   781        SH:  0    Dex: 11    Spells: 0 memorised, 12 levels left

rFire  + . .     SeeInvis +     i - +1 lajatang of the Middle {drain, rF+}
rCold  . . .     Gourm    .     h - +3 plate armour
rNeg   + . .     Faith    +     (shield currently unavailable)
rPois  ∞         Spirit   .     U - +2 helmet {Int+3}
rElec  +         Dismiss  .     l - +0 cloak
rCorr  .         Reflect  .     r - +0 pair of gloves
SustAt .         Harm     .     D - +0 pair of boots
MR     .....                    S - amulet of faith
Stlth  ..........               B - ring of see invisible
                                (no ring)

@: heroism, finesse, not resistant to hostile enchantments, extremely unstealthy
A: negative energy resistance 1, electricity resistance, unbreathing,
petrification resistance, rot immunity, AC +9
a: Heroism, Finesse, Renounce Religion


You were on level 12 of the Dungeon.
You worshipped Okawaru.
Okawaru was extremely pleased with you.
You were not hungry.

You visited 3 branches of the dungeon, and saw 17 of its levels.
You also visited: Sewer and Bailey.

You collected 1101 gold pieces.
You spent 320 gold pieces at shops.

Inventory:

Hand Weapons
 i - the +1 lajatang of the Middle (weapon) {drain, rF+}
   (You bought it in a shop on level 10 of the Dungeon)

   A truly terrible weapon, it drains the life of those it strikes.
   It protects you from fire.
 Y - a +3 lajatang of protection
Missiles
 d - a throwing net (quivered)
 E - 19 tomahawks
 P - 2 steel tomahawks
 V - 18 tomahawks of returning
Armour
 h - a +3 plate armour (worn)
 l - a +0 cloak (worn)
 r - a +0 pair of gloves (worn)
 D - a +0 pair of boots (worn)
 U - a +2 helmet of intelligence (worn)
Jewellery
 m - an uncursed ring of positive energy
 s - an uncursed ring of protection from fire {unknown}
 x - a +2 ring of dexterity {unknown}
 B - a ring of see invisible (right hand)
 S - an amulet of faith (around neck)
Wands
 o - a wand of lightning (10/15)
Scrolls
 a - a scroll of blinking
 b - 3 scrolls of teleportation
 e - 2 scrolls of fog
 j - a scroll of noise {unknown}
 n - a scroll of identify
 u - 2 scrolls of recharging
 C - 2 scrolls of magic mapping
Potions
 k - 4 potions of curing
Miscellaneous
 f - a phantom mirror
Comestibles
 c - 5 bread rations
 g - 8 chunks of flesh
 O - 17 fruits


   Skills:
 - Level 13.5(18.5) Fighting
 + Level 13.6(18.6) Staves
 - Level 1.7(6.7) Throwing
 - Level 12.1(17.1) Armour
 - Level 2.4(7.4) Dodging
 + Level 2.1 Invocations


You had 12 spell levels left.
You didn't know any spells.

Dungeon Overview and Level Annotations

Branches:
Dungeon (12/15)            Temple (1/1) D:6            Lair (4/8) D:9
  Swamp (0/4) Lair:3        Snake (0/4) Lair:3          Orc (0/2) D:11

Altars:
Cheibriados
Elyvilon
Fedhas
Kikubaaqudgha
Makhleb
Nemelex Xobeh
Okawaru
Qazlal
Ru
Sif Muna
Vehumet
Yredelemnul
Zin
The Shining One
Beogh

Shops:
D:10 (

Annotations:
D:11 barb4r1an's ghost, journeyman GrBe
D:12 Frances


Innate Abilities, Weirdness & Mutations

You are resistant to torment.
Your stone body is resilient (AC +9).
You are immune to poison.
You resist negative energy.
You are resistant to electric shocks.
You can survive without breathing.
You are immune to petrification.
You are immune to rotting.


Message History

Frances is lightly wounded.
The centaur zombie hits you but does no damage.
Frances whispers indecipherable words.
You slice Frances!!
Frances is moderately wounded.
You slice Frances!!
Frances is heavily wounded.
The centaur zombie hits you but does no damage.
Frances screams a word of power!
The iron shot hits you!
Ouch! That really hurt!
* * * LOW HITPOINT WARNING * * *
You slash the centaur zombie!
You destroy the centaur zombie!
Okawaru accepts your kill. Frances hits you but does no damage.
There is a stone staircase leading up here.
Frances mutters in a terrible tongue.
The shard of ice hits you!
You die...

....
..#
...
...
#.##
#..
#.#
#@#
#@#
#3#
#3#
.4#
###


You could see Frances, a sun demon, a hellwing and a chaos spawn.

Vanquished Creatures
  2 hydras (D:11)
  An unseen horror (D:10)
  2 hill giants
  2 orc knights (D:11)
  A griffon (Lair:4)
  6 spiny frogs
  A black mamba (Lair:1)
  3 komodo dragons
  A rime drake (Lair:2)
  3 trolls
  2 two-headed ogres
  Grinder (D:3)
  11 blink frogs
  A spriggan (D:10)
  A wyvern (D:9)
  25 yaks
  A basilisk (D:9)
  7 hippogriffs
  A hungry ghost (D:10)
  7 water moccasins
  2 nagas (Lair:3)
  Duvessa (D:7)
  9 porcupines
  4 orc warriors
  7 ice beasts
  A black bear (Lair:2)
  5 sky beasts
  3 phantoms
  7 wolves
  3 ogres
  6 crocodiles
  2 big kobolds
  8 giant frogs
  A gnoll sergeant (D:6)
  A wyvern zombie (D:10)
  Dowan (D:7)
  2 scorpions
  12 killer bees
  2 electric eels (D:7)
  6 howler monkeys
  2 crimson imps
  A jelly (D:11)
  A centaur zombie (D:12)
  A quasit (D:9)
  10 orc priests
  6 hounds
  Crazy Yiuf (D:2)
  5 orc wizards
  An iron imp (D:5)
  A centaur skeleton (D:8)
  5 iguanas
  Ijyb (D:3)
  7 worker ants
  A sheep (shapeshifter) (Lair:1)
  12 sheep (Lair:4)
  A hound zombie (D:8)
  4 hound skeletons
  7 gnolls
  2 howler monkey zombies
  13 adders
  15 river rats
  An ooze (D:2)
  An adder skeleton (D:6)
  4 worms
  3 giant geckos
  55 orcs
  A ball python (D:6)
  8 bats
  7 giant cockroaches
  6 hobgoblins
  11 jackals
  23 kobolds
  3 quokkas
  A giant gecko zombie (D:6)
  7 giant newts
  13 goblins
  A jackal zombie (D:5)
  A quokka skeleton (D:7)
  12 rats
417 creatures vanquished.

Vanquished Creatures (others)
  A naga (Lair:3)
  A fungus (Lair:1)
  A plant (D:9)
3 creatures vanquished.

Grand Total: 420 creatures vanquished

Notes
Turn   | Place    | Note
--------------------------------------------------------------
     0 | D:1      | varam the Gargoyle Gladiator began the quest for the Orb.
     0 | D:1      | Reached XP level 1. HP: 12/12 MP: 1/1
   229 | D:1      | Reached XP level 2. HP: 14/17 MP: 2/2
  1231 | D:2      | Reached XP level 3. HP: 20/21 MP: 3/3
  1580 | D:2      | Noticed Crazy Yiuf
  1593 | D:2      | Killed Crazy Yiuf
  1593 | D:2      | Reached skill level 5 in Staves
  1593 | D:2      | Reached XP level 4. HP: 16/26 MP: 4/4
  2028 | D:3      | Noticed a giant frog
  2039 | D:2      | Killed a giant frog
  2039 | D:2      | Reached XP level 5. HP: 17/30 MP: 5/5
  2334 | D:3      | Noticed Ijyb
  2340 | D:3      | Killed Ijyb
  2491 | D:3      | Noticed Grinder
  3496 | D:4      | Reached XP level 6. HP: 34/35 MP: 6/6
  4284 | D:3      | Paralysed by Grinder for 7 turns
  4319 | D:3      | Killed Grinder
  4319 | D:3      | Reached XP level 7. HP: 31/41 MP: 7/7
  4578 | D:5      | Entered Level 5 of the Dungeon
  4629 | D:5      | Found a glowing golden altar of the Shining One.
  4911 | D:5      | Found a sacrificial altar of Ru.
  4913 | D:5      | Found a deep blue altar of Sif Muna.
  5113 | D:5      | Found a snail-covered altar of Cheibriados.
  5133 | D:6      | Reached skill level 5 in Fighting
  5133 | D:6      | Reached XP level 8. HP: 49/49 MP: 8/8
  5299 | D:6      | Found a staircase to the Ecumenical Temple.
  5313 | Temple   | Entered the Ecumenical Temple
  5335 | Temple   | Became a worshipper of Warmaster Okawaru
  5436 | D:6      | Noticed a troll
  5581 | D:6      | Killed a troll
  5747 | D:6      | Found a glowing drain.
  5757 | Sewer    | Entered a sewer
  5959 | Sewer    | Found a white marble altar of Elyvilon.
  6713 | D:7      | Reached XP level 9. HP: 57/57 MP: 9/9
  6812 | D:7      | Reached * piety under Okawaru
  7009 | D:7      | Noticed Duvessa
  7016 | D:7      | Killed Duvessa
  7019 | D:7      | Noticed Dowan
  7030 | D:7      | Killed Dowan
  7650 | D:8      | Found a flagged portal.
  7659 | Bailey   | Entered a bailey
  7664 | Bailey   | Noticed an orc warlord
  7768 | Bailey   | Noticed an orc knight
  8062 | D:8      | Reached skill level 5 in Armour
  8100 | D:8      | Found a blossoming altar of Fedhas.
  8102 | D:8      | Found an ancient bone altar of Kikubaaqudgha.
  8274 | D:8      | Reached ** piety under Okawaru
  8295 | D:8      | Reached skill level 10 in Staves
  8561 | D:8      | Found a glowing silver altar of Zin.
  8562 | D:8      | Noticed an angel
  8756 | D:9      | Reached XP level 10. HP: 66/66 MP: 7/10
  8793 | D:9      | Found a white marble altar of Elyvilon.
  8865 | D:9      | Found a basalt altar of Yredelemnul.
  8977 | D:9      | Reached *** piety under Okawaru
  8980 | D:9      | Reached skill level 10 in Fighting
  9141 | D:9      | Found a staircase to the Lair.
  9203 | Lair:1   | Entered Level 1 of the Lair of Beasts
  9277 | Lair:1   | Reached **** piety under Okawaru
  9370 | Lair:1   | Noticed a spiny frog
  9376 | Lair:1   | Killed a spiny frog
  9376 | Lair:1   | Reached XP level 11. HP: 61/73 MP: 11/11
  9609 | Lair:1   | Reached ***** piety under Okawaru
 10207 | D:9      | Found an ancient bone altar of Kikubaaqudgha.
 11237 | Lair:2   | Received a gift from Okawaru
 11237 | Lair:2   | Reached skill level 10 in Armour
 11540 | Lair:3   | Found a staircase to the Swamp.
 12144 | Lair:3   | Found a staircase to the Snake Pit.
 12170 | Lair:3   | Reached XP level 12. HP: 81/81 MP: 12/12
 12744 | Lair:4   | Received a gift from Okawaru
 12948 | Lair:4   | Received a gift from Okawaru
 12991 | Lair:4   | Noticed a five-headed hydra
 13231 | D:10     | Entered Level 10 of the Dungeon
 13386 | D:10     | Found Xareidaulo's Antique Weapon Shoppe.
 13401 | D:10     | Bought a warped lajatang for 320 gold pieces
 13401 | D:10     | Identified the cursed +1 lajatang of the Middle {drain, rF+} (You bought it in a shop on level 10 of the Dungeon)
 14031 | D:10     | Received a gift from Okawaru
 14151 | D:11     | Noticed a five-headed hydra
 14156 | D:11     | Killed an eight-headed hydra
 14156 | D:11     | Reached XP level 13. HP: 49/88 MP: 8/13
 14443 | D:11     | Found a roughly hewn altar of Beogh.
 14443 | D:11     | Found a staircase to the Orcish Mines.
 14599 | D:11     | Reached skill level 1 in Invocations
 14669 | D:11     | Noticed barb4r1an's ghost (journeyman GrBe)
 14696 | D:12     | Noticed Frances
 14712 | D:12     | HP: 3/88 [Frances/iron shot (47)]
 14715 | D:12     | Killed from afar by Frances

Skill      XL: |  1  2  3  4  5  6  7  8  9 10 11 12 13 |
---------------+----------------------------------------+-----
Staves         | 4 5 6 7 8 10 11 12 13 | 13.6
Fighting       | 3 5 7 9 10 12 13 | 13.5
Armour         | 2 4 5 8 10 11 12 | 12.1
Invocations    | 2 |  2.1
Throwing       | |  1.7
Dodging        | |  2.4

Action                   |  1- 3 |  4- 6 |  7- 9 | 10-12 | 13-15 || total
-------------------------+-------+-------+-------+-------+-------++-------
Melee: Quarterstaff      |   122 |   137 |   452 |   593 |       ||  1304
       Lajatang          |       |       |       |   236 |    87 ||   323
Throw: Tomahawk          |       |       |       |     4 |       ||     4
       Throwing net      |       |       |       |     2 |       ||     2
Invok: Heroism           |       |       |     4 |    31 |     4 ||    39
       Finesse           |       |       |       |       |     1 ||     1
  Use: Scroll            |       |     2 |     5 |     5 |       ||    12
 Stab: Petrifying        |       |     2 |       |     2 |       ||     4
       Confused          |       |       |     2 |     4 |       ||     6
       Petrified         |       |       |       |     1 |       ||     1
       Paralysed         |       |       |       |     4 |       ||     4
  Eat: Chunk             |     2 |    17 |    15 |    12 |     3 ||    49
       Pizza             |       |       |       |     1 |       ||     1
Armor: Leather armour    |    10 |       |       |       |       ||    10
       Chain mail        |    65 |    98 |   273 |       |       ||   436
       Plate armour      |       |       |    49 |   479 |    60 ||   588
Dodge: Dodged            |    44 |    47 |   182 |   259 |    32 ||   564
